 Dungeon Crawl Stone Soup version 0.28-b1-70-g80dc712255 (webtiles) character file.

Game seed: 8763330469484255662

91 tizbic2 the Charlatan (level 4, -3/32 HPs)
             Began as a Demonspawn Artificer on Feb 3, 2022.
             Slain by a gnoll (6 damage)
             ... on level 2 of the Dungeon.
             The game lasted 00:08:59 (2378 turns).

tizbic2 the Charlatan (Demonspawn Artificer)        Turns: 2378, Time: 00:09:00

Health: -3/32      AC:  5    Str: 12    XL:     4   Next: 33%
Magic:  5/5        EV: 13    Int: 15    God:
Gold:   50         SH:  0    Dex: 13    Spells: 4/4 levels left

rFire   . . .      SeeInvis .   o - +1 dagger (vamp)
rCold   . . .      Faith    .   (no shield)
rNeg    . . .      Spirit   .   b - +0 leather armour
rPois   .          Reflect  .   (helmet restricted)
rElec   .          Harm     .   g - +1 cloak
rCorr   .          Rampage  .   (no gloves)
Will    .....                   (no boots)
Stlth   +.........              k - amulet of the acrobat
HPRegen 0.10/turn               (no ring)
MPRegen 0.09/turn               (no ring)

@: no status effects
A: antennae 2, repulsion field 1
a: no special abilities


You were on level 2 of the Dungeon.
You visited 1 branch of the dungeon, and saw 2 of its levels.

You collected 50 gold pieces.

Inventory:

Hand Weapons
 o - a +1 vampiric dagger (weapon)
Missiles
 j - 24 stones
 l - 2 boomerangs
Armour
 b - a +0 leather armour (worn)
 g - a +1 cloak (worn)
Jewellery
 k - an amulet of the acrobat (around neck)
 m - an amulet of reflection
Wands
 c - a wand of flame (8) (quivered)
 d - a wand of charming (15)
Scrolls
 f - 3 scrolls of identify {unknown}
 p - a scroll of teleportation {unknown}
Potions
 a - 2 potions of might {unknown}
 h - 2 potions of curing {unknown}
 i - 2 potions of heal wounds {unknown}
 n - a potion of invisibility {unknown}
Miscellaneous
 e - a piece from Xom's chessboard (14/15)


   Skills:
 - Level 1.0 Fighting
 - Level 2.3 Armour
 - Level 0.8 Dodging
 - Level 0.8 Stealth
 * Level 2.5 Unarmed Combat
 - Level 0.8 Spellcasting
 - Level 1.7 Necromancy
 - Level 3.0 Evocations


You had 4 spell levels left.
You didn't know any spells.
Your spell library was empty.

Dungeon Overview and Level Annotations

Branches:
Dungeon (2/15)

Altars:


Innate Abilities, Weirdness & Mutations

You have a pair of antennae on your head.
You are surrounded by a mild repulsion field. (EV +2)


Message History

You hit the gnoll but do no damage.
The gnoll is moderately wounded.
The gnoll hits you but does no damage.
You hit the gnoll.
You feel better.
The gnoll is severely wounded.
The gnoll closely misses you.
You hit the gnoll.
You feel better.
The gnoll is severely wounded.
The gnoll hits you with a +0 spear.
You barely miss the gnoll.
The gnoll is severely wounded.
The gnoll barely misses you.
You completely miss the gnoll.
The gnoll is severely wounded.
The gnoll shouts!
The gnoll completely misses you.
You hit the gnoll.
You feel better.
The gnoll is almost dead.
The gnoll barely misses you.
You hit the gnoll.
You feel better.
You kill the gnoll!
Your piece from Xom's chessboard (15/15) has regained one charge.
You hit the gnoll but do no damage. The gnoll barely misses you.
You hit the gnoll.
The gnoll is lightly wounded.
The gnoll barely misses you. The gnoll closely misses you.
You hit the gnoll.
The gnoll is moderately wounded.
The gnoll hits you from afar with a +0 spear.
The gnoll barely misses you.
You make a move on Xom's chessboard...
The gnoll struggles to resist.
The gnoll hits you with a +0 flail!
* * * LOW HITPOINT WARNING * * *
The gnoll misses you.
You barely miss the gnoll. You punch the gnoll, but do no damage.
The gnoll hits you with a +0 flail.
* * * LOW HITPOINT WARNING * * *
There is a stone staircase leading up here.
The gnoll hits you with a +0 flail.
You die...

....# #.....# #.#
##..#####....## #†#
#)..........####.#
##................#
......<......######
.#..#<###.#..#
.#..#.#......#
.#.>#.#.###..######
..^..... #..g.g@.#
....###.###g#####.#
.#### #.....# #.#
.# ###.#{# #.#
.########.#g# #.#
............# #.#
....######g.# ##.#
..#.### #..# #..#
..#...####..# #.##


You could see 3 gnolls.

Vanquished Creatures
  Jessica (D:2)
  A gnoll (D:2)
  An adder (D:2)
  A worm (D:2)
  4 endoplasms
  A giant cockroach (D:2)
  3 hobgoblins
  2 jackals (D:2)
  4 quokkas
  2 ball pythons
  2 bats (D:1)
  3 frilled lizards (D:1)
  8 goblins
  4 kobolds
  8 rats
45 creatures vanquished.

Notes
Turn   | Place    | Note
-------+----------+-------------------------------------------
     0 | D:1      | tizbic2 the Demonspawn Artificer began the quest for the
                  | Orb.
     0 | D:1      | Reached XP level 1. HP: 15/15 MP: 1/1
   396 | D:1      | Reached skill level 1 in Necromancy
   405 | D:1      | Gained mutation: You are surrounded by a mild repulsion
                  | field. (EV +2) [demonic ancestry]
   405 | D:1      | Reached XP level 2. HP: 5/21 MP: 2/2
  1129 | D:1      | Found a faded altar of an unknown god.
  1691 | D:2      | Gained mutation: You have a pair of small antennae on your
                  | head. [demonic ancestry]
  1691 | D:2      | Reached XP level 3. HP: 23/26 MP: 4/4
  1739 | D:2      | Reached skill level 1 in Unarmed Combat
  2077 | D:2      | Noticed Jessica
  2093 | D:2      | Killed Jessica
  2094 | D:2      | Gained mutation: You have a pair of antennae on your head.
                  | [demonic ancestry]
  2094 | D:2      | Reached XP level 4. HP: 18/32 MP: 5/5
  2378 | D:2      | Slain by a gnoll

Illustrated notes

Levels and vault maps discovered:
D:1:      scummos_arrival_hexagon, layout_basic,
          hellmonk_ecumenical_altar_pennies_from_heaven
D:2:      layout_loops_ring, kennysheep_generic_room_4, uniq_jessica

Skill      XL: |  1  2  3 |
---------------+----------+-----
Armour         | 2 |  2.3
Necromancy     | 1 |  1.7
Unarmed Combat | 2 |  2.5
Fighting       | |  1.0
Dodging        | |  0.8
Stealth        | |  0.8
Spellcasting   | |  0.8
Evocations     | |  3.0

Action                   |  1- 3 |  4- 6 || total
-------------------------+-------+-------++-------
Melee: Club              |    48 |       ||    48
       Spear             |    68 |       ||    68
       Punch             |     2 |     2 ||     4
       Long sword        |    34 |       ||    34
       Dagger            |       |    46 ||    46
Evoke: Wand              |     7 |       ||     7
       Piece from Xom's  |     1 |     2 ||     3
Armor: Leather armour    |    43 |     9 ||    52
Dodge: Dodged            |    95 |    31 ||   126
